 Dungeon Crawl Stone Soup version 0.30-a0-726-gd89dcf765f (webtiles) character file.

Game seed: 17500365228400715513

72 Crownlay the Digger (level 4, 0/27 HPs)
             Began as an Octopode Earth Elementalist on Jan 29, 2023.
             Slain by Sigmund
             ... wielding a +2 scythe of freezing
              (2 damage)
             ... on level 3 of the Dungeon.
             The game lasted 00:02:40 (3160 turns).

Crownlay the Digger (Octopode Earth Elementalist)   Turns: 3160, Time: 00:02:40

Health: 0/27       AC:  1    Str:  7    XL:     4   Next: 25%
Magic:  3/7        EV: 13    Int: 19    God:
Gold:   180        SH:  0    Dex: 12    Spells: 6/7 levels left

rFire   . . .      SeeInvis .    k - +3 dagger (flame)
rCold   . . .      Faith    .    (no shield)
rNeg    . . .      Spirit   .    (helmet restricted)
rPois   .          Reflect  .    (no amulet)
rElec   .          Harm     .    (no ring)
rCorr   .          Rampage  .    (no ring)
Will    .....                    (no ring)
Stlth   +++                      (no ring)
HPRegen 0.24/turn                (no ring)
MPRegen 0.10/turn                (no ring)
                                 (no ring)
                                 (no ring)

@: no status effects
A: almost no armour, amphibious, 8 rings, camouflage 1, gelatinous body 1,
(nimble swimmer 1), tentacles
a: no special abilities


You were on level 3 of the Dungeon.
You visited 1 branch of the dungeon, and saw 3 of its levels.

You collected 180 gold pieces.

Inventory:

Hand Weapons
 k - a +3 dagger of flaming (weapon)
Scrolls
 d - a scroll of vulnerability {unknown}
 e - a scroll of identify {unknown}
 f - a scroll of teleportation {unknown}
 g - a scroll of magic mapping {unknown}
 i - a scroll of immolation {unknown}
Potions
 a - 2 potions of magic
 b - a potion of mutation {unknown}
 h - a potion of resistance {unknown}
 j - 2 potions of degeneration {unknown}


   Skills:
 - Level 2.0 Dodging
 - Level 2.6 Stealth
 - Level 2.0 Spellcasting
 - Level 1.0 Transmutations
 + Level 1.7 Fire Magic
 + Level 4.5 Earth Magic


You had 6 spell levels left.
You knew the following spells:

 Your Spells              Type           Power      Damage    Failure   Level
a - Sandblast             Erth           38%        2d10      2%          1

Your spell library contained the following spells:

 Spells                   Type           Power      Damage    Failure   Level
 Passwall                 Tmut/Erth      10%        N/A       9%          2
 Stone Arrow              Conj/Erth      20%        3d8       21%         3
 Ignite Poison            Fire/Tmut/Pois 5%         N/A       34%         3
 Petrify                  Tmut/Erth      12%        N/A       47%         4
 Sticky Flame             Conj/Fire      5%         2d3       75%         4
 Ignition                 Fire           4%         3d4       100%        8


Dungeon Overview and Level Annotations

Branches:
Dungeon (3/15)

Altars:
Yredelemnul

Annotations:
D:3 Sigmund


Innate Abilities, Weirdness & Mutations

You cannot wear most types of armour.
You are amphibious.
You can wear up to eight rings at the same time.
Your skin changes colour to match your surroundings (Stealth+).
Your rubbery body absorbs attacks. (AC +1, EV +1)
((You are camouflaged when in or above water. (Stealth+)))
You have tentacles for arms and can constrict up to eight enemies at once.


Message History

a +0 dagger; a goblin corpse A kobold comes into view.
It is wielding a +0 whip.
The helpless kobold fails to defend itself.
You puncture the kobold! You burn the kobold.
You kill the kobold!
Things that are here:
a +0 whip; 3 stones Sigmund the Dreaded comes into view.
He is wielding a +2 scythe of freezing.
Okay, then.
Okay, then.
The blast of sand hits Sigmund!
Sigmund is heavily wounded.
The blast of sand hits Sigmund!
Sigmund is severely wounded.
Sigmund hits you from afar with a +2 scythe of freezing!
Sigmund freezes you.
You are too injured to fight recklessly!
Hit: k) +3 dagger (flame)
Press: ? - help, Dir - move target, f - you, p - Sigmund That would be overly suicidal.
Okay, then.
Unknown command.
Casting: Sandblast (safe; 2% risk of failure)
Confirm with . or Enter, or press ? or * to list all spells.
Aiming: Sandblast (safe; 2% risk of failure)
Press: ? - help, Shift-Dir - straight line, f - Sigmund
Aim: Sigmund, wielding a +2 scythe of freezing and wearing a +0 robe (severely wounded, 80% to hit)
The blast of sand hits Sigmund but does no damage.
Sigmund is severely wounded.
Sigmund misses you.
Casting: Sandblast (safe; 2% risk of failure)
Confirm with . or Enter, or press ? or * to list all spells.
Aiming: Sandblast (safe; 2% risk of failure)
Press: ? - help, Shift-Dir - straight line, f/p - Sigmund
Aim: Sigmund, wielding a +2 scythe of freezing and wearing a +0 robe (severely wounded, 80% to hit)
The blast of sand misses Sigmund.
Sigmund hits you from afar with a +2 scythe of freezing!
* * * LOW HITPOINT WARNING * * *
Sigmund freezes you.
You die...

### # ..# # #.# #
#.# # #@# # #.# #
#.. #@# #..# #.#
### #..# #.# ..#
#..# #.#
#.#########..# #.#
.....>....#..# #.#
#.###.###.#..###.##
..# #.# #.#....)..#
..# #.# #.##.###.##


You could see Sigmund.

Vanquished Creatures
  An adder (D:3)
  A dart slug (D:1)
  5 orcs
  2 endoplasms (D:3)
  2 giant cockroaches (D:2)
  6 goblins
  6 hobgoblins
  6 kobolds
  3 quokkas
  6 ball pythons
  5 bats
  3 frilled lizards
  5 rats
51 creatures vanquished.

Notes
Turn   | Place    | Note
-------+----------+-------------------------------------------
     0 | D:1      | Crownlay the Octopode Earth Elementalist began the quest
                  | for the Orb.
     0 | D:1      | Reached XP level 1. HP: 11/11 MP: 3/3
   365 | D:1      | Reached XP level 2. HP: 17/17 MP: 3/5
   878 | D:1      | Reached skill level 4 in Earth Magic
   978 | D:1      | Reached XP level 3. HP: 21/21 MP: 4/6
  2091 | D:3      | Found a faded altar of an unknown god.
  2093 | D:3      | Reached skill level 1 in Fire Magic
  2426 | D:3      | Found a basalt altar of Yredelemnul.
  2646 | D:3      | Reached XP level 4. HP: 27/27 MP: 3/7
  3154 | D:3      | Noticed Sigmund
  3160 | D:3      | Slain by Sigmund

Illustrated notes

Levels and vault maps discovered:
D:1:      dpeg_arrival_houses_and_road, layout_loops_corners
D:2:      layout_basic, minmay_misc_feat_rugged, kennysheep_generic_room_15
D:3:      layout_basic, mainiacjoe_overflow_paths,
          chequers_ecumenical_altar_simple, uniq_sigmund

Skill      XL: |  1  2  3 |
---------------+----------+-----
Earth Magic    | 4 |  4.5
Fire Magic     | 1 |  1.7
Dodging        | |  2.0
Stealth        | |  2.6
Spellcasting   | |  2.0
Transmutations | |  1.0

Action                     |  1- 3 |  4- 6 || total
---------------------------+-------+-------++-------
  Melee: Dagger            |       |     5 ||     5
         Constrict         |       |     1 ||     1
         Tentacles         |       |     1 ||     1
   Cast: Sandblast         |    58 |    13 ||    71
   Stab: Sleeping          |       |     3 ||     3
 Armour: Skin              |     4 |       ||     4
  Dodge: Dodged            |    12 |     1 ||    13

Table legend: (Time is in decaauts)
 A = Elapsed time spent in this place.
 B = Non-inter-level travel time spent in this place.
 C = Inter-level travel time spent in this place.
 D = Time resting spent in this place.
 E = Time spent auto-exploring this place.
 F = Levels seen in this place.
 G = Mean time per level.
                   A        B        C        D        E       F      G
               +--------+--------+--------+--------+--------+-----+--------+
         Total |   3193 |   3133 |     60 |      0 |   2852 |   3 | 1064.3 |
       Dungeon |   3193 |   3133 |     60 |      0 |   2852 |   3 | 1064.3 |
               +--------+--------+--------+--------+--------+-----+--------+

Top non-repeatable levels by time:
     D:1: 1101 daAuts
     D:3: 1083 daAuts
     D:2: 1008 daAuts
